 Dungeon Crawl Stone Soup version 0.18.1-48-g4cf74bf (webtiles) character file.

326 Inkary the Ruffian (level 6, -2/49 (52) HPs)
             Began as a Ghoul Monk on Sept 3, 2016.
             Was a Believer of Okawaru.
             Slain by a slave (5 damage)
             ... led by Pikel
             ... on level 5 of the Dungeon.
             The game lasted 00:05:00 (3327 turns).

Inkary the Ruffian (Ghoul Monk)                     Turns: 3327, Time: 00:05:01

HP:   -2/49 (52)    AC:  7    Str: 15    XL:     6   Next: 49%
MP:   5/5           EV: 13    Int:  5    God:    Okawaru [**....]
Gold: 290           SH:  0    Dex: 13    Spells: 0 memorised, 5 levels left

rFire  . . .     SeeInvis +       - Unarmed
rCold  + . .     Gourm    .     t - +0 leather armour
rNeg   + + +     Faith    .     (no shield)
rPois  ∞         Spirit   .     j - +0 helmet
rElec  .         Dismiss  .     e - +0 cloak
rCorr  .         Reflect  .     (no gloves)
SustAt .         Harm     .     g - +0 pair of boots
MR     .....                    (no amulet)
Stlth  ++........               (no ring)
                                r - ring of see invisible

@: rotting, not resistant to hostile enchantments, unstealthy
A: rotting body, claws 1, carnivore 3, cold resistance 1, negative energy
resistance 3, slow regeneration 1, torment resistance, unbreathing
a: Heroism, Renounce Religion


You were on level 5 of the Dungeon.
You worshipped Okawaru.
Okawaru was pleased with you.
You were hungry.

You visited 1 branch of the dungeon, and saw 5 of its levels.

You collected 290 gold pieces.

Inventory:

Armour
 e - a +0 cloak (worn)
 g - a +0 pair of boots (worn)
 j - a +0 helmet (worn)
 t - a +0 leather armour (worn)
Jewellery
 h - an uncursed amulet of dismissal {unknown}
 r - a ring of see invisible (left claw)
 w - an uncursed ring of poison resistance {unknown}
Scrolls
 a - a scroll of enchant weapon {unknown}
 f - 3 scrolls of teleportation
 i - 2 scrolls of fog {unknown}
 m - 2 scrolls of remove curse
 n - 2 scrolls of immolation {unknown}
 p - a scroll of fear {unknown}
 q - 2 scrolls of blinking {unknown}
 u - 2 scrolls of identify {unknown}
Potions
 k - a potion of curing {unknown}
 l - 2 potions of flight
 o - 2 potions of degeneration {unknown}
 s - 3 potions of lignification {unknown}
Comestibles
 b - 2 meat rations
 c - 2 slices of pizza
 d - a beef jerky


   Skills:
 + Level 3.8 Fighting
 - Level 4.0 Armour
 + Level 3.7 Dodging
 - Level 2.3 Stealth
 + Level 5.0 Unarmed Combat
 + Level 1.2 Invocations


You had 5 spell levels left.
You didn't know any spells.

Dungeon Overview and Level Annotations

Branches:
Dungeon (5/15)             Temple (0/1) D:4

Altars:
Fedhas
Nemelex Xobeh
Okawaru

Annotations:
D:5 Pikel


Innate Abilities, Weirdness & Mutations

Your body is rotting away.
You thrive on raw meat.
You are immune to poison.
You have sharp fingernails.
You are carnivorous and can eat meat at any time.
Your flesh is cold resistant.
You are immune to negative energy.
You regenerate slowly when monsters are visible.
You are immune to unholy pain and torment.
You can survive without breathing.


Message History

Pikel is moderately wounded.
The slave hits you but does no damage. x2
Pikel hits you with a whip of freezing.
* * * LOW HITPOINT WARNING * * *
You scratch Pikel but do no damage.
Pikel is moderately wounded.
The slave hits you but does no damage. The slave closely misses you.
The slave misses you. Pikel hits you with a whip of freezing.
* * * LOW HITPOINT WARNING * * *
Pikel freezes you.
* * * LOW HITPOINT WARNING * * *
You scratch Pikel.
Pikel is heavily wounded.
The slave misses you. x2; The slave barely misses you.
Pikel hits you with a whip of freezing.
* * * LOW HITPOINT WARNING * * *
You scratch Pikel but do no damage.
Pikel is heavily wounded.
The slave closely misses you. The slave barely misses you. The slave hits you.
You die...

....[......#
#........#
..........#
#..<.....#
#.........#
#........##
#........#
#.........#
###.###..#
##........#
#####....##
#........#
.........p#
#........#
........pK#
##.......#
####....p@# ##......#
##...p.##### #......#
##........####.<....#
##.................#
##................#
#.......####.....#
#.......# #######
#.......# #........#


You could see Pikel and 4 slaves.

Vanquished Creatures
  Edmund (D:4)
  5 worker ants (D:4)
  4 adders
  A worm (D:3)
  2 dart slugs (D:1)
  2 giant geckos
  An orc (D:4)
  8 bats
  3 giant cockroaches
  6 goblins
  5 hobgoblins
  3 jackals
  2 quokkas
  2 ball pythons
  4 giant newts
  5 kobolds
  7 rats
61 creatures vanquished.

Notes
Turn   | Place    | Note
--------------------------------------------------------------
     0 | D:1      | Inkary the Ghoul Monk began the quest for the Orb.
     0 | D:1      | Reached XP level 1. HP: 19/19 MP: 0/0
    41 | D:1      | Reached XP level 2. HP: 23/26 MP: 1/1
   983 | D:1      | Reached XP level 3. HP: 24/31 MP: 2/2
  1224 | D:2      | Found an iron altar of Okawaru.
  1233 | D:2      | Became a worshipper of Warmaster Okawaru
  1233 | D:2      | Reached * piety under Okawaru
  1233 | D:2      | Reached ** piety under Okawaru
  1733 | D:3      | Reached skill level 1 in Armour
  1733 | D:3      | Reached XP level 4. HP: 38/38 MP: 3/3
  2146 | D:3      | Found a blossoming altar of Fedhas.
  2223 | D:4      | Noticed Edmund
  2249 | D:4      | Killed Edmund
  2249 | D:4      | Reached XP level 5. HP: 18/45 MP: 2/4
  2463 | D:4      | Reached XP level 6. HP: 42/51 MP: 5/5
  2617 | D:4      | Found a sparkling altar of Nemelex Xobeh.
  2645 | D:4      | Found a staircase to the Ecumenical Temple.
  2910 | D:4      | Reached skill level 1 in Invocations
  3054 | D:4      | Reached skill level 5 in Unarmed Combat
  3193 | D:5      | Entered Level 5 of the Dungeon
  3299 | D:5      | Noticed Pikel
  3299 | D:5      | Noticed a slave
  3299 | D:5      | Noticed a slave
  3301 | D:5      | Noticed a slave
  3303 | D:5      | Noticed a slave
  3327 | D:5      | Slain by a slave

Skill      XL: |  1  2  3  4  5  6 |
---------------+-------------------+-----
Dodging        | 3 |  3.7
Armour         | 1 3 4 |  4.0
Invocations    | 1 |  1.2
Unarmed Combat | 5 |  5.0
Fighting       | |  3.8
Stealth        | |  2.3

Action                   |  1- 3 |  4- 6 || total
-------------------------+-------+-------++-------
Melee: Unarmed           |   111 |   121 ||   232
       Punch             |       |     2 ||     2
Invok: Heroism           |       |     1 ||     1
  Use: Potion            |       |     4 ||     4
       Scroll            |       |     3 ||     3
 Stab: Sleeping          |     5 |     2 ||     7
  Eat: Chunk             |     5 |     3 ||     8
Armor: Robe              |    25 |       ||    25
       Leather armour    |     2 |    37 ||    39
Dodge: Dodged            |    74 |    77 ||   151
